 Dungeon Crawl Stone Soup version 0.29.1-1-gd02db6906a (webtiles) character file.

Game seed: 3920090200252792229

2279 xian the Gusty (level 9, -8/59 HPs)
             Began as a Human Air Elementalist on Oct 16, 2022.
             Was a Follower of Sif Muna.
             Mangled by an orc warrior
             ... wielding a +0 scimitar
              (18 damage)
             ... on level 7 of the Dungeon.
             The game lasted 00:15:12 (9150 turns).

xian the Gusty (Human Air Elementalist)             Turns: 9150, Time: 00:15:13

Health: -8/59      AC:  5    Str:  9    XL:     9   Next: 66%
Magic:  0/18       EV: 13    Int: 20    God:    Sif Muna [*.....]
Gold:   193        SH:  0    Dex: 13    Spells: 11/21 levels left

rFire   + . .      SeeInvis .   x - +6 mace "Sacig" {vorpal, +Blink}
rCold   + . .      Faith    .   (no shield)
rNeg    . . .      Spirit   +   p - +2 robe {rC+}
rPois   .          Reflect  .   (no helmet)
rElec   .          Harm     .   (no cloak)
rCorr   .          Rampage  .   (no gloves)
Will    +....                   l - +0 pair of boots
Stlth   ++........              d - amulet of guardian spirit
HPRegen 0.19/turn               w - ring of protection from fire
MPRegen 0.16/turn               C - ring of willpower

@: swift (expiring), quick
A: no striking features
a: Renounce Religion, Evoke Blink, Channel Magic


You were on level 7 of the Dungeon.
You worshipped Sif Muna.
Sif Muna was aware of your devotion.
You visited 1 branch of the dungeon, and saw 7 of its levels.

You collected 397 gold pieces.
You spent 204 gold pieces at shops.

Inventory:

Hand Weapons
 c - the +2 rapier "Agegivik" {antimagic, Dex+7 Stlth-}
   (You found it on level 5 of the Dungeon)

   It reduces the magical energy of the wielder, and disrupts the spells and
   magical abilities of those it strikes.
   Natural abilities and divine invocations are not affected.
   Dex:       It affects your dexterity (+7).
   Stlth:     It makes you less stealthy.
 e - a +0 whip of draining
 x - the +6 mace "Sacig" (weapon) {vorpal, +Blink}
   (You found it on level 6 of the Dungeon)

   It inflicts extra damage upon your enemies.
   +Blink:    It lets you blink.
Missiles
 t - 2 throwing nets
Armour
 l - a +0 pair of boots (worn)
 p - a +2 robe of cold resistance (worn)
Jewellery
 d - an amulet of guardian spirit (around neck)
 w - a ring of protection from fire (left hand)
 C - a ring of willpower (right hand)
Wands
 y - a wand of iceblast (11)
 A - a wand of flame (28)
Scrolls
 a - 2 scrolls of blinking {unknown}
 g - 2 scrolls of summoning {unknown}
 h - 2 scrolls of brand weapon {unknown}
 j - 3 scrolls of enchant armour {unknown}
 m - 2 scrolls of identify
 n - a scroll of fear
 r - 2 scrolls of teleportation {unknown}
 s - a scroll of enchant weapon
 u - 2 scrolls of butterflies {unknown}
 z - 2 scrolls of amnesia {unknown}
 B - a scroll of poison {unknown}
Potions
 b - a potion of magic
 f - 3 potions of curing {unknown}
 i - 2 potions of attraction {unknown}
 k - 2 potions of lignification {unknown}
 q - 2 potions of berserk rage {unknown}
 v - a potion of flight {unknown}
 D - a potion of might {unknown}
 E - a potion of mutation {unknown}


   Skills:
 + Level 1.4 Fighting
 + Level 2.4 Maces & Flails
 + Level 0.5 Armour
 + Level 3.9 Dodging
 + Level 3.5 Stealth
 + Level 0.1 Unarmed Combat
 + Level 6.6 Spellcasting
 + Level 5.4 Conjurations
 + Level 7.0 Air Magic


You had 11 spell levels left.
You knew the following spells:

 Your Spells              Type           Power      Damage    Failure   Level
a - Shock                 Conj/Air       100%       1d9       1%          1
b - Static Discharge      Conj/Air       31%        3-7/arc   1%          2
c - Swiftness             Air            34%        N/A       1%          3
d - Airstrike             Air            17%        2d(3-19)  5%          4

Your spell library contained the following spells:

 Spells                   Type           Power      Damage    Failure   Level


Dungeon Overview and Level Annotations

Branches:
Dungeon (7/15)             Temple (0/1) D:6

Altars:
Elyvilon
Sif Muna

Shops:
D:3 [   D:4 *

Annotations:
D:3 2 transporters
D:6 2 transporters, fireball365's ghost, amateur MiFi


Message History

The orc wizard is moderately wounded.
The orc wizard is struck by an arc of lightning!
You kill the orc wizard!
Sif Muna accepts your kill.
You are struck by an arc of lightning.
The lightning grounds out.
The orc hits you with a +2 vampiric hand axe.
The orc wizard hits you with a +0 dagger.
Your Air Magic skill increases to level 7!
Unknown command.
Casting: Static Discharge (safe; 1% risk of failure)
Confirm with . or Enter, or press ? or * to list all spells.
The orc is struck by an arc of lightning!
You kill the orc!
Sif Muna accepts your kill.
The orc wizard is struck by an arc of lightning!
The orc wizard is almost dead.
You are struck by an arc of lightning.
The lightning grounds out.
The orc wizard is struck by an arc of lightning!
You kill the orc wizard!
Sif Muna accepts your kill.
You are struck by an arc of lightning.
The lightning grounds out.
The orc is struck by an arc of lightning!
You kill the orc!
Sif Muna accepts your kill.
You are struck by an arc of lightning.
The lightning grounds out.
Unknown command.
The orc warrior unwields a +0 arbalest.
The orc warrior wields a +0 scimitar.
The orc warrior hits you with a +0 scimitar.
Things that are here:
a +0 dagger; a +0 robe You hit the orc warrior but do no damage.
Your punch misses the orc warrior.
You start to feel a little slower.
The orc warrior hits you with a +0 scimitar.
* * * LOW HITPOINT WARNING * * *
You closely miss the orc warrior.
The orc warrior hits you with a +0 scimitar!
* * * LOW HITPOINT WARNING * * *
The orc warrior hits you with a +0 scimitar!!
You die...

.####.. ....... ...## .......
...... ..... ##...## ## ##....
##.....# #.# #...# ##.8...8.
#.##o.### ##........ #.)@.#.#
##.....⌠... ##.)...###.#..†.....
...##..#....#...#.8...8.
≈........#...#...##.....#
≈...##....#..#.#####...##
≈...≈~≈~≈...#......#...##.....##
c..c≈~≈~≈#.........##..........##
≈≈≈c≈~≈~≈.......#...#..##.##....#
~~~≈≈~≈~≈......##........####....


You could see an orc warrior.

Vanquished Creatures
  A kobold demonologist (D:7)
  Edmund (D:6)
  A water moccasin (D:7)
  An orc warrior (D:7)
  A black bear (D:6)
  An ogre (D:4)
  A phantom (D:5)
  A bullfrog (D:7)
  2 necrophages
  2 scorpions
  4 howler monkeys
  6 hounds
  4 jellies
  An orc priest (D:7)
  A gnoll bouda (D:6)
  Jessica (D:2)
  3 iguanas
  Natasha (twice) (D:2)
  5 orc wizards
  8 adders
  15 gnolls
  A white imp (D:5)
  3 ufetubi
  2 worms
  2 dart slugs
  26 orcs
  4 ball pythons
  5 bats
  5 endoplasms
  2 giant cockroaches
  4 goblins
  3 hobgoblins
  5 kobolds
  4 quokkas
  4 frilled lizards
  2 rats (D:1)
134 creatures vanquished.

Notes
Turn   | Place    | Note
-------+----------+-------------------------------------------
     0 | D:1      | xian the Human Air Elementalist began the quest for the
                  | Orb.
     0 | D:1      | Reached XP level 1. HP: 13/13 MP: 3/3
   286 | D:1      | Reached XP level 2. HP: 19/19 MP: 1/5
   290 | D:1      | Learned a level 2 spell: Static Discharge
  1240 | D:2      | Reached XP level 3. HP: 24/24 MP: 3/6
  1244 | D:2      | Learned a level 3 spell: Swiftness
  1452 | D:2      | Noticed Natasha
  1457 | D:2      | Killed Natasha
  1458 | D:2      | Reached XP level 4. HP: 14/30 MP: 0/7
  1522 | D:2      | Noticed Natasha
  1544 | D:2      | Killed Natasha
  2143 | D:2      | Found a faded altar of an unknown god.
  2143 | D:2      | Noticed a rust devil
  2363 | D:2      | Noticed Jessica
  2369 | D:2      | Killed Jessica
  2370 | D:2      | Reached XP level 5. HP: 33/35 MP: 3/9
  2474 | D:2      | Reached skill level 4 in Air Magic
  2814 | D:3      | Found a transporter.
  2842 | D:3      | Found a transporter.
  2893 | D:3      | Reached XP level 6. HP: 37/41 MP: 5/10
  3070 | D:3      | Found Xoinieda's Antique Armour Shop.
  3528 | D:3      | Found a white marble altar of Elyvilon.
  3802 | D:4      | Learned a level 4 spell: Airstrike
  3819 | D:4      | Reached XP level 7. HP: 37/46 MP: 0/12
  4134 | D:4      | Reached skill level 5 in Air Magic
  4768 | D:4      | Found Ykko's Assorted Antiques.
  4771 | D:4      | Bought a blackened sapphire ring for 115 gold pieces
  4771 | D:4      | Bought a metallic dark potion for 20 gold pieces
  4771 | D:4      | Bought a scroll labelled YLOASSU CERCHIDD for 23 gold
                  | pieces
  4771 | D:4      | Bought a scroll labelled XEALEKOOTO for 23 gold pieces
  4771 | D:4      | Bought a scroll labelled WID EPHATWAFF for 23 gold pieces
  4798 | D:5      | Entered Level 5 of the Dungeon
  5003 | D:5      | Identified the +2 rapier "Agegivik" {antimagic, Dex+7
                  | Stlth-}
  5391 | D:5      | Reached skill level 1 in Maces & Flails
  5420 | D:5      | Reached XP level 8. HP: 30/53 MP: 1/15
  5576 | D:5      | Reached skill level 5 in Spellcasting
  6369 | D:5      | Found a shimmering blue altar of Sif Muna.
  6444 | D:5      | Became a worshipper of Sif Muna the Loreminder
  6698 | D:6      | Identified the +6 mace "Sacig" {vorpal, +Blink}
  6839 | D:6      | Noticed fireball365's ghost (amateur MiFi)
  6885 | D:6      | Found a staircase to the Ecumenical Temple.
  6886 | D:6      | Found a transporter.
  6912 | D:6      | Reached skill level 6 in Air Magic
  6996 | D:6      | Noticed Edmund
  7004 | D:6      | Killed Edmund
  7005 | D:6      | Reached skill level 1 in Fighting
  7436 | D:6      | Found a transporter.
  7520 | D:6      | Reached XP level 9. HP: 59/59 MP: 11/17
  7876 | D:7      | Reached skill level 5 in Conjurations
  7897 | D:7      | Reached * piety under Sif Muna
  8635 | D:7      | Noticed a kobold demonologist
  8645 | D:7      | Killed a kobold demonologist
  9147 | D:7      | Reached skill level 7 in Air Magic
  9150 | D:7      | Mangled by an orc warrior

Illustrated notes

Levels and vault maps discovered:
D:1:      wheals_arrival_shading, layout_basic
D:2:      layout_basic, dreamdust_ecumenical_altar_sealed_demon, uniq_natasha,
          uniq_jessica
D:3:      gammafunk_steamed_eel, layout_basic, nicolae_elyvilon_temple_path,
          serial_shops, nicolae_shop_crystal
D:4:      layout_cave_pools, serial_shops, kennysheep_mini, roderic_lattice_a
D:5:      minmay_angry_zag, layout_basic, kennysheep_orc_sif_temple
D:6:      layout_basic, minmay_temple_entry_gardened_gates,
          gammafunk_ghost_stat_death, uniq_edmund
D:7:      nicolae_whirlpool, layout_layer_cave, wad_floor_pattern_untrapped,
          uniq_joseph

Skill      XL: |  1  2  3  4  5  6  7  8  9 |
---------------+----------------------------+-----
Conjurations   | 2 3 4 5 |  5.4
Air Magic      | 4 5 6 7 |  7.0
Spellcasting   | 3 4 5 6 |  6.6
Maces & Flails | 1 2 |  2.4
Dodging        | 3 |  3.9
Stealth        | 3 |  3.5
Fighting       | 1 |  1.4
Armour         | |  0.5
Unarmed Combat | |  0.1

Action                   |  1- 3 |  4- 6 |  7- 9 || total
-------------------------+-------+-------+-------++-------
Melee: Unarmed           |     9 |       |       ||     9
       Whip              |     1 |    14 |    20 ||    35
       Mace              |       |       |    34 ||    34
 Cast: Shock             |    38 |    81 |   142 ||   261
       Static Discharge  |     3 |    18 |    43 ||    64
       Swiftness         |       |       |     4 ||     4
  Use: Scroll            |       |       |     5 ||     5
       Potion            |       |       |     1 ||     1
 Stab: Sleeping          |       |     1 |       ||     1
Armor: Robe              |     3 |    16 |    22 ||    41
       Leather armour    |       |     3 |       ||     3
Dodge: Dodged            |    12 |    23 |    76 ||   111
